 Dungeon Crawl Stone Soup version 0.30-a0-879-ga8ba668304 (webtiles) character file.

Game seed: 14092682058134510434

35 cforsyth the Poker (level 3, -3/37 HPs)
             Began as an Ogre Reaver on Mar 14, 2023.
             Killed by divine providence
             ... invoked by an orc priest
              (12 damage)
             ... on level 4 of the Dungeon.
             The game lasted 00:01:25 (1309 turns).

cforsyth the Poker (Ogre Reaver)                    Turns: 1309, Time: 00:01:26

Health: -3/37      AC:  4    Str: 18    XL:     3   Next: 33%
Magic:  7/7        EV:  9    Int: 14    God:
Gold:   53         SH:  0    Dex:  7    Spells: 6/7 levels left

rFire   . . .      SeeInvis .    a - +0 spear
rCold   . . .      Faith    .    (no shield)
rNeg    . . .      Spirit   .    b - +0 robe
rPois   .          Reflect  .    (helmet restricted)
rElec   .          Rampage  .    m - +0 cloak
rCorr   .                        (gloves unavailable)
Will    .....                    (boots unavailable)
Stlth   +                        (no amulet)
HPRegen 0.26/turn                (no ring)
MPRegen 0.10/turn                (no ring)

@: no status effects
A: large, unfitting armour, tough skin 1
a: no special abilities


You were on level 4 of the Dungeon.
You visited 1 branch of the dungeon, and saw 3 of its levels.

You collected 53 gold pieces.

Inventory:

Hand Weapons
 a - a +0 spear (weapon)
Armour
 b - a +0 robe (worn)
 m - a +0 cloak (worn)
Jewellery
 g - a +6 ring of dexterity
Scrolls
 e - a scroll of poison {unknown}
 f - a scroll of enchant armour {unknown}
 j - a scroll of fear {unknown}
 l - a scroll of silence {unknown}
 n - 2 scrolls of identify {unknown}
Potions
 c - 2 potions of mutation {unknown}
 d - a potion of invisibility {unknown}
 h - 2 potions of curing {unknown}
 i - a potion of cancellation {unknown}
 k - a potion of attraction {unknown}


   Skills:
 + Level 3.3 Fighting
 + Level 3.3 Polearms
 - Level 1.7 Dodging
 + Level 2.9 Spellcasting
 + Level 3.0 Conjurations


You had 6 spell levels left.
You knew the following spells:

 Your Spells              Type           Power      Damage    Failure   Level
a - Kiss of Death         Conj/Necr      24%        2d7       12%         1

Your spell library contained the following spells:

 Spells                   Type           Power      Damage    Failure   Level
 Momentum Strike          Conj/Tloc      12%        3d8       17%         2
 Summon Small Mammal      Summ           8%         N/A       22%         1
 Hailstorm                Conj/Ice       6%         3d4       34%         3
 Call Canine Familiar     Summ           2%         N/A       54%         3
 Summon Guardian Golem    Hex/Summ       2%         N/A       54%         3


Dungeon Overview and Level Annotations

Branches:
Dungeon (2/15)

Altars:


Innate Abilities, Weirdness & Mutations

You are too large for most types of armour.
You have tough skin. (AC +1)


Message History

The orc hits you with a +0 club.
You hit the orc but do no damage.
The orc is almost dead.
The orc hits you with a +0 club.
You barely miss the orc.
The orc is almost dead.
The orc barely misses you.
You barely miss the orc.
The orc is almost dead.
The orc hits you with a +0 club.
You closely miss the orc.
The orc is almost dead.
The orc hits you with a +0 club.
You hit the orc but do no damage.
The orc is almost dead.
The orc closely misses you.
You hit the orc but do no damage.
The orc is almost dead.
The orc hits you with a +0 club.
You hit the orc.
You kill the orc!
You reach to attack!
You hit the orc priest.
The orc priest is lightly wounded.
The orc priest invokes the aid of Beogh against you.
Beogh smites you!
* * * LOW HITPOINT WARNING * * *
You are too injured to fight recklessly!
You are too injured to fight recklessly!
You are too injured to fight recklessly!
You are too injured to fight recklessly!
You are too injured to fight recklessly!
You are too injured to fight recklessly!
Reach: a) +0 spear
Press: ? - help, Dir - move target, f/p - orc priest
Aim: an orc priest, wielding a +0 short sword and wearing a +0 leather armour (lightly wounded, about 43% to evade your +0 spear)
You reach to attack!
You hit the orc priest.
The orc priest is moderately wounded.
The orc priest calls down the wrath of Beogh upon you.
Beogh smites you!
You die...

#.........#.....#
#.........'.....#
#...).....#.....#
#.........#.....#
####.####'#.....#
####....######
#....# . #....#
... #@...#
.....####)...#
..oo....o#####
........o#
.........#
.........#
.........#
..........
..........


You could see an orc priest and an orc.

Vanquished Creatures
  A gnoll (D:1)
  A dart slug (D:1)
  3 orcs (D:4)
  2 endoplasms (D:1)
  3 giant cockroaches (D:1)
  A goblin (D:1)
  A hobgoblin (D:1)
  A quokka (D:1)
  2 ball pythons (D:1)
  A frilled lizard (D:1)
  3 kobolds
19 creatures vanquished.

Notes
Turn   | Place    | Note
-------+----------+-------------------------------------------
     0 | D:1      | cforsyth the Ogre Reaver began the quest for the Orb.
     0 | D:1      | Reached XP level 1. HP: 22/22 MP: 3/3
    85 | D:1      | Reached XP level 2. HP: 8/31 MP: 3/5
   922 | D:1      | Reached XP level 3. HP: 36/37 MP: 7/7
  1253 | D:2      | You fall into a shaft and drop 2 floors!
  1309 | D:4      | Killed from afar by an orc priest

Illustrated notes

Levels and vault maps discovered:
D:1:      saegor_arrival_simple_a, layout_basic
D:2:      layout_loops_ring, basic_altar, kennysheep_small_spiral, uniq_sigmund
D:4:      minmay_angry_zag, layout_gridville, grunt_temple_overflow_open,
          minmay_vboxes

Skill      XL: |  1  2 |
---------------+-------+-----
Fighting       | 3 |  3.3
Conjurations   | 3 |  3.0
Polearms       | |  3.3
Dodging        | |  1.7
Spellcasting   | |  2.9

Action                     || total
---------------------------++-------
  Melee: Spear             ||    82
         Punch             ||     1
   Stab: Sleeping          ||     2
 Armour: Robe              ||    10
  Dodge: Dodged            ||    25

Table legend: (Time is in decaauts)
 A = Elapsed time spent in this place.
 B = Non-inter-level travel time spent in this place.
 C = Inter-level travel time spent in this place.
 D = Time resting spent in this place.
 E = Time spent auto-exploring this place.
 F = Levels seen in this place.
 G = Mean time per level.
                   A        B        C        D        E       F      G
               +--------+--------+--------+--------+--------+-----+--------+
         Total |   1304 |   1241 |     63 |      0 |   1092 |   3 |  434.7 |
       Dungeon |   1304 |   1241 |     63 |      0 |   1092 |   3 |  434.7 |
               +--------+--------+--------+--------+--------+-----+--------+

Top non-repeatable levels by time:
     D:1: 1207 daAuts
     D:4: 54 daAuts
     D:2: 41 daAuts
